 Dungeon Crawl Stone Soup version 0.19.3-4-gbf9329e (webtiles) character file.

260 empire the Shield-Bearer (level 5, -2/46 HPs)
             Began as a Minotaur Fighter on Jan 27, 2017.
             Slain by an orc
             ... wielding a +0 flail
              (4 damage)
             ... on level 4 of the Dungeon.
             The game lasted 00:04:20 (2804 turns).

empire the Shield-Bearer (Minotaur Fighter)         Turns: 2804, Time: 00:04:22

Health: -2/46      AC:  8    Str: 25    XL:     5   Next: 95%
Magic:  4/4        EV:  8    Int:  5    God:
Gold:   195        SH: 10    Dex: 11    Spells: 0 memorised, 4 levels left

rFire  . . .     SeeInvis .     a - +0 long sword
rCold  . . .     Gourm    .     b - +0 scale mail
rNeg   . . .     Faith    .     c - +0 shield
rPois  .         Spirit   .     (helmet restricted)
rElec  .         Reflect  .     q - +0 cloak
rCorr  .         Harm     .     (no gloves)
MR     .....                    (no boots)
Stlth  ..........               (no amulet)
                                (no ring)
                                (no ring)

@: mighty, slowed, very slow
A: retaliatory headbutt, horns 2
a: no special abilities


You were on level 4 of the Dungeon.
You were not hungry.

You visited 1 branch of the dungeon, and saw 4 of its levels.

You collected 195 gold pieces.

Inventory:

Hand Weapons
 a - a +0 long sword (weapon)
 t - a +3 vampiric dagger
Armour
 b - a +0 scale mail (worn)
 c - a +0 shield (worn)
 p - a +0 plate armour
 q - a +0 cloak (worn)
Jewellery
 m - a +2 ring of protection {unknown}
 v - a +3 ring of intelligence {unknown}
Scrolls
 e - 2 scrolls of noise {unknown}
 i - 4 scrolls of teleportation {unknown}
 j - 5 scrolls of remove curse {unknown}
 n - 2 scrolls of magic mapping {unknown}
 o - 2 scrolls of blinking {unknown}
 s - a scroll of random uselessness {unknown}
 u - a scroll of enchant weapon {unknown}
 w - a scroll of identify {unknown}
Potions
 d - a potion of might
 h - a potion of berserk rage {unknown}
 k - a potion of lignification {unknown}
 r - 2 potions of agility {unknown}
Comestibles
 f - 3 bread rations
 g - a beef jerky
 l - 2 meat rations
 x - a royal jelly


   Skills:
 + Level 4.1 Fighting
 + Level 4.8 Long Blades
 + Level 5.1 Armour
 + Level 5.4 Shields


You had 4 spell levels left.
You didn't know any spells.

Dungeon Overview and Level Annotations

Branches:
Dungeon (4/15)
 Temple: D:4-7

Altars:


Innate Abilities, Weirdness & Mutations

You reflexively headbutt those who attack you in melee.
You have a pair of horns on your head.


Message History

You riposte.
You barely miss the iguana.
You headbutt the iguana, but do no damage.
The iguana is lightly wounded.
You feel very mighty all of a sudden. The iguana bites you!
* * * LOW HITPOINT WARNING * * *
You slash the iguana!
The iguana is severely wounded.
You block the iguana's attack.
The orc wizard casts a spell.
The orc wizard blinks!
You block the iguana's attack.
The leopard gecko hisses menacingly.
Your shield and scale mail prevent you from hitting the iguana.
The iguana is severely wounded.
The iguana closely misses you. You furiously retaliate!
You headbutt the iguana!
You kill the iguana!
The orc wizard casts a spell.
The orc wizard blinks!
The orc hits you with a flail.
You die...

# ####...# .#
#...# .# #...# .#
#...# .# #...###.#
#.......#####
#.............
#####..#.#########
........@########
#####..##ol...%.#
..... #.......#
#.##.. .ยง......#
# .............
##........$..#
#......o....#
#...........#
..###.......#


You could see an orc wizard, an orc and a leopard gecko.

Vanquished Creatures
  2 orc wizards
  Ijyb (D:2)
  An iguana (D:4)
  5 adders
  2 worms
  2 dart slugs
  2 leopard geckos
  6 orcs
  2 ball pythons
  7 bats
  5 giant cockroaches
  13 goblins
  7 hobgoblins
  8 jackals
  9 kobolds
  A quokka (D:2)
  3 frilled lizards
  13 rats
89 creatures vanquished.

Notes
Turn   | Place    | Note
-------+----------+-------------------------------------------
     0 | D:1      | empire the Minotaur Fighter began the quest for the Orb.
     0 | D:1      | Reached XP level 1. HP: 19/19 MP: 0/0
   119 | D:1      | Reached XP level 2. HP: 21/26 MP: 1/1
   833 | D:2      | Reached XP level 3. HP: 31/31 MP: 2/2
   921 | D:2      | Noticed Ijyb
   939 | D:2      | Killed Ijyb
   942 | D:2      | Reached XP level 4. HP: 30/39 MP: 3/3
  1240 | D:2      | Found a faded altar of an unknown god.
  2278 | D:3      | Reached XP level 5. HP: 42/45 MP: 4/4
  2423 | D:3      | Reached skill level 5 in Shields
  2798 | D:4      | Reached skill level 5 in Armour
  2802 | D:4      | HP: 2/46 [iguana (9)]
  2804 | D:4      | Slain by an orc

Skill      XL: |  1  2  3  4  5 |
---------------+----------------+-----
Armour         | 4 5 |  5.1
Long Blades    | 3 4 |  4.8
Shields        | 4 5 |  5.4
Fighting       | 4 |  4.1

Action                   |  1- 3 |  4- 6 || total
-------------------------+-------+-------++-------
Melee: Long sword        |    93 |   143 ||   236
       Headbutt          |    19 |    33 ||    52
  Use: Potion            |       |     1 ||     1
  Eat: Chunk             |       |     6 ||     6
Armor: Scale mail        |    47 |    65 ||   112
Dodge: Dodged            |    31 |    46 ||    77
Block: Shield            |    63 |    88 ||   151
       Rpst.: Long sword |     5 |    14 ||    19
